Map: Dusk Towers

Players

Kanmin

  • Race: Terran Terran
  • League: Master

MCanning - Winner!

  • Race: Protoss Protoss
  • League: Master

VOD

Have the link to the VOD?

Description

Time

  • Played on: Feb. 4, 2016, 11:11 p.m.
  • Length: 17:43
Show
View Real Time Build Order
Export as new Build Order

Kanmin Terran 

Build Orders: Reaper Expand, MMM Bio 

Get SALT Encoding   

  12  0:00  SCV  
  13  0:12  SCV  
  14  0:17  Supply Depot  
  14  0:25  SCV  
  15  0:39  SCV  
  15  0:40  Barracks  
  16  0:46  Refinery  
  16  0:51  SCV  
  17  1:03  SCV  
  18  1:15  SCV  
  19  1:27  Orbital Command  
  19  1:29  Reaper  
  20  1:40  Command Center  
  20  1:52  SCV  
  21  1:55  Supply Depot  
  21  2:01  Barracks  
  21  2:03  Barracks Reactor  
  21  2:06  SCV  
  22  2:18  Barracks  
  22  2:21  SCV  
  23  2:34  SCV  
  24  2:40  Marine x2  
  26  2:46  SCV  
  26  2:49  Marine  
  27  2:52  Refinery, Orbital Command  
  27  2:58  SCV  
  28  3:00  Marine x2  
  28  3:05  Barracks Tech Lab  
  30  3:07  Marine  
  30  3:10  SCV  
  32  3:17  Marine x2  
  32  3:19  Supply Depot  
  34  3:23  Marauder, Concussive Shells  
  34  3:24  Marine  
  34  3:25  SCV  
  34  3:26  SCV  
  39  3:30  Engineering Bay  
  39  3:37  SCV  
  39  3:38  SCV  
  41  3:45  Supply Depot  
  41  3:51  Marine x3  
  41  3:52  Marine  
  41  3:53  SCV  
  46  3:58  Missile Turret  
  46  3:59  Factory, SCV  
  47  4:08  Stimpack  
  47  4:09  Marine x2  
  48  4:14  SCV  
  48  4:15  Missile Turret  
  49  4:18  SCV  
  49  4:21  Marine x2  
  52  4:25  Supply Depot  
  52  4:33  Marine x2  
  52  4:35  SCV  
  53  4:46  Marauder, Marine  
  53  4:50  Starport, Factory Reactor  
  53  4:52  SCV  
  57  4:53  Supply Depot  
  57  4:56  Refinery  
  57  4:57  SCV  
  58  5:02  Marine x2  
  58  5:04  Barracks Tech Lab  
  60  5:10  Marauder  
  60  5:11  SCV  
  60  5:13  SCV  
  64  5:18  Missile Turret  
  64  5:23  Combat Shields, SCV  
  64  5:27  SCV  
  66  5:30  Marine x2  
  66  5:33  Medivac x2, Widow Mine  
  74  5:37  SCV  
  74  5:38  Marauder  
  74  5:41  Supply Depot  
  77  5:43  SCV  
  77  5:45  Marauder, Refinery  
  80  5:51  Marine x2  
  80  5:56  Command Center  
  82  5:58  SCV  
  82  5:59  SCV  
  84  6:06  Medivac x2  
  88  6:16  Marine  
  88  6:17  Marauder  
  91  6:20  Supply Depot  
  91  6:23  Supply Depot  
  91  6:25  Barracks  
  91  6:27  Barracks  
  91  6:28  Marine  
  91  6:31  Factory Reactor  
  89  6:34  Marine x2, SCV  
  89  6:38  Marine  
  93  6:41  Medivac  
  93  6:42  Medivac  
  97  6:48  Marine  
  97  6:52  Marauder  
  97  6:54  Liberator  
  97  6:55  Liberator  
  97  6:57  Marine  
  97  6:58  Marauder  
  100  7:07  Marine  
  101  7:13  Marine  
  101  7:15  Marine  
  106  7:17  Marine  
  106  7:19  Marauder  
  106  7:22  Marine  
  102  7:25  Marine  
  93  7:32  Marauder  
  93  7:33  Marine  
  93  7:35  Marine  
  91  7:38  Orbital Command  
  91  7:40  Marauder  
  91  7:43  Liberator, Supply Depot  
  92  7:44  Barracks Tech Lab  
  92  7:50  Marine  
  92  7:51  Marine  
  93  7:53  Marauder  
  93  7:59  Barracks Reactor  
  93  8:01  Orbital Command  
  93  8:02  Marauder  
  98  8:12  Terran Infantry Weapons Level 1  
  98  8:15  Supply Depot, Widow Mine x2  
  98  8:16  Marine  
  103  8:23  Refinery, Marine, Marauder  
  103  8:26  SCV  
  107  8:27  SCV  
  107  8:29  Marine  
  107  8:33  Marine  
  110  8:35  SCV  
  110  8:38  SCV  
  110  8:39  SCV  
  113  8:43  Marine  
  113  8:45  Marauder  
  113  8:47  Marauder, Marine  
  119  8:52  Liberator x2, Marauder  
  121  8:56  Marine  
  121  8:58  Marine  
  123  9:06  Marauder  
  123  9:09  Marauder, Widow Mine  
  133  9:13  SCV  
  133  9:15  Barracks x2  
  133  9:16  Barracks  
  133  9:17  SCV  
  137  9:19  Command Center, Marine  
  137  9:20  Marauder  
  137  9:21  Marine  
  137  9:24  Marine  
  134  9:25  Marine  
  134  9:28  Marauder  
  134  9:30  Marauder, Supply Depot  
  137  9:32  Supply Depot  
  137  9:37  Marine  
  138  9:39  Marine  
  138  9:41  Marauder  
  141  9:51  Marine x2  
  141  9:52  Marauder x2  
  147  9:55  Marine  
  147  9:57  Marine, Viking x2  
  153  10:03  Marauder  
  155  10:09  Barracks Reactor x2, Barracks Tech Lab, Marine x2  
  157  10:16  Starport  
  157  10:19  Supply Depot  
  157  10:20  Supply Depot x2  
  157  10:23  Marauder x2  
  157  10:24  Marauder, SCV, Engineering Bay, Armory  
  157  10:26  Supply Depot, Marine  
  161  10:30  Viking  
  163  10:39  Viking  
  163  10:41  Terran Infantry Armor Level 1, SCV  
  166  10:43  SCV  
  166  10:46  Marine  
  166  10:47  Marauder  
  171  10:50  SCV  
  171  10:53  Marauder, Marine  
  172  10:58  SCV  
  170  11:08  Marine  
  170  11:09  Marauder  
  173  11:13  Marine  
  173  11:14  Marauder, Marine  
  173  11:15  Marauder, Viking  
  173  11:16  Viking  
  157  11:33  Marauder, Marine x2  
  157  11:37  Marine  
  157  11:38  Marauder  
  157  11:39  Marauder, Marine  
  144  11:40  Marine  
  144  11:41  Marauder  
  144  11:46  Marine  
  138  11:47  SCV  
  138  11:52  Marine  
  140  11:55  Marauder  
  140  12:09  Command Center  
  140  12:14  Marauder, Marine x2  
  140  12:15  Marauder  
  146  12:20  Medivac x2  
  146  12:21  Marine  
  151  12:30  Marine  
  151  12:31  Marauder  
  151  12:36  Marine  
  146  12:37  Marauder, Marine  
  146  12:38  Marauder  
  146  12:39  Marine  
  146  12:40  Marauder, Marine  
  146  12:42  SCV  
  150  12:48  Marine  
  150  12:49  Marine  
  147  12:52  Marauder  
  147  12:58  Marauder  
  123  12:59  Marauder  
  123  13:01  Marine  
  123  13:02  Marauder  
  123  13:05  Marine  
  95  13:06  Marine x2  
  95  13:10  Marine  
  84  13:14  Marauder  
  84  13:15  Marine  
  84  13:16  Marine  
  86  13:25  Medivac x2  
  90  13:31  Planetary Fortress  
  90  13:35  Marine  
  91  13:42  Marauder, Marine  
  91  13:47  Marine  
  91  13:48  Marauder  
  97  13:53  Terran Infantry Weapons Level 2  
  97  13:57  Terran Infantry Armor Level 2  
  97  14:00  Liberator, SCV  
  97  14:02  Marine, SCV  
  100  14:10  Medivac x2  
  100  14:14  Viking  
  106  14:18  Marine  
  106  14:23  Marauder, Marine  
  113  14:24  SCV  
  113  14:27  SCV x2  
  113  14:28  Liberator  
  113  14:29  Marine  
  117  14:32  Terran Ship Weapons Level 1  
  117  14:33  Marine  
  117  14:34  Marauder  
  117  14:36  Marine  
  120  14:40  Marine  
  120  14:41  Marauder  
  120  14:44  Liberator  
  120  14:45  SCV  
  124  14:51  Marine  
  124  14:52  Marauder  
  130  14:59  Marauder, Marine  
  133  15:01  Marauder, Marine  
  125  15:20  Marauder, Marine  
  89  15:24  Marauder, Marine  
  89  15:27  Marine  
  89  15:28  Marauder, Marine  
  76  15:29  Marauder  
  76  15:33  Viking x2  
  76  15:35  SCV  
  84  15:40  Marine  
  84  15:41  Marine  
  79  15:45  Marine  
  79  15:46  Marauder  
  79  15:57  Marine  
  79  15:58  Marauder  
  79  16:00  Marine  
  79  16:01  Marauder  
  85  16:13  Marauder, Marine  
  85  16:14  Marine  
  84  16:19  Marine  
  84  16:21  Orbital Command  
  68  16:31  Marine  
  68  16:32  Marauder  
  52  16:57  Marauder, Marine  
  52  16:58  Marauder  
  57  17:05  Marine  
  57  17:06  Marauder  
  58  17:19  Marine  
  58  17:20  Marauder  
  58  17:21  Marine  
  58  17:22  Marauder x2  
Show
View Real Time Build Order
Export as new Build Order

MCanning Protoss - Winner!

Build Orders: 1 Gate Expand, Blink Stalkers 

Get SALT Encoding   

  12  0:01  Probe (Chrono Boost)  
  13  0:11  Probe (Chrono Boost)  
  14  0:18  Pylon  
  14  0:22  Probe (Chrono Boost)  
  15  0:36  Probe (Chrono Boost)  
  15  0:38  Gateway  
  16  0:47  Probe (Chrono Boost)  
  17  0:50  Assimilator  
  17  0:57  Probe (Chrono Boost)  
  18  1:08  Probe (Chrono Boost)  
  19  1:18  Nexus  
  19  1:23  Probe (Chrono Boost)  
  20  1:31  Cybernetics Core  
  20  1:34  Probe (Chrono Boost)  
  21  1:44  Assimilator  
  21  1:45  Probe (Chrono Boost)  
  22  1:54  Pylon  
  22  1:55  Probe (Chrono Boost)  
  23  2:13  Mothership Core (Chrono Boost), Adept  
  26  2:17  Pylon  
  26  2:20  Warp Gate  
  26  2:31  Probe x2 (Chrono Boost)  
  28  2:42  Probe x2 (Chrono Boost)  
  30  2:52  Probe x2 (Chrono Boost), Twilight Council  
  30  2:57  Sentry  
  34  3:03  Probe x2 (Chrono Boost)  
  36  3:13  Probe x2 (Chrono Boost)  
  38  3:20  Gateway  
  38  3:21  Gateway  
  38  3:23  Probe (Chrono Boost)  
  38  3:24  Probe (Chrono Boost)  
  40  3:32  Blink (Chrono Boost), Probe (Chrono Boost)  
  40  3:34  Probe  
  42  3:43  Probe  
  42  3:46  Probe  
  44  3:53  Probe, Robotics Facility  
  45  3:58  Pylon, Probe  
  46  4:04  Probe  
  47  4:10  Probe  
  47  4:12  Gateway  
  47  4:15  Probe, Gateway  
  49  4:23  Probe  
  50  4:25  Probe  
  50  4:27  Pylon  
  50  4:28  Assimilator  
  51  4:32  Assimilator  
  51  4:33  Stalker  
  51  4:34  Stalker  
  51  4:35  Probe  
  51  4:36  Stalker  
  58  4:45  Observer (Chrono Boost)  
  55  4:52  Probe  
  56  4:53  Probe  
  57  5:00  Nexus  
  57  5:01  Stalker x2  
  57  5:02  Pylon  
  57  5:06  Observer (Chrono Boost)  
  62  5:13  Probe  
  63  5:17  Pylon, Probe  
  64  5:22  Robotics Bay  
  64  5:24  Pylon  
  64  5:25  Probe  
  64  5:27  Probe  
  65  5:32  Observer (Chrono Boost)  
  67  5:37  Probe  
  67  5:38  Probe  
  67  5:40  Pylon  
  69  5:46  Charge (Chrono Boost)  
  69  5:49  Forge, Probe (Chrono Boost)  
  70  5:50  Forge  
  70  5:51  Probe (Chrono Boost)  
  71  6:00  Probe (Chrono Boost)  
  71  6:03  Probe (Chrono Boost)  
  73  6:06  Gateway  
  73  6:09  Probe (Chrono Boost)  
  73  6:11  Colossus (Chrono Boost)  
  74  6:12  Probe  
  74  6:13  Extended Thermal Lance (Chrono Boost)  
  74  6:14  Probe  
  74  6:15  Assimilator  
  82  6:21  Probe  
  83  6:29  Probe  
  83  6:30  Probe  
  85  6:34  Assimilator  
  85  6:38  Pylon, Stalker x3  
  85  6:39  Stalker  
  91  6:42  Zealot  
  93  6:52  Colossus (Chrono Boost)  
  91  6:58  Probe  
  96  7:01  Zealot  
  96  7:02  Zealot x4  
  96  7:06  Probe, Mothership Core  
  109  7:15  Zealot  
  103  7:22  Zealot  
  103  7:23  Zealot x4  
  109  7:35  Protoss Ground Weapons Level 1 (Chrono Boost), Protoss Ground Armor Level 1 (Chrono Boost)  
  109  7:37  Colossus  
  109  7:40  Probe  
  109  7:43  Zealot x5  
  118  7:49  Stalker  
  121  7:52  Probe  
  121  7:53  Probe  
  119  8:01  Probe  
  119  8:04  Probe  
  121  8:08  Stalker x2  
  121  8:11  Pylon  
  125  8:14  Pylon  
  125  8:15  Templar Archives  
  125  8:20  Gateway  
  125  8:28  Pylon  
  125  8:29  Probe  
  125  8:32  Pylon, Probe  
  127  8:38  Colossus  
  127  8:45  Nexus  
  127  8:47  Pylon  
  133  8:49  Pylon  
  133  8:57  Stalker  
  133  8:58  Stalker x2  
  139  9:05  Gateway  
  139  9:06  Gateway  
  139  9:15  Stalker x3  
  143  9:24  High Templar x4  
  143  9:26  Probe  
  143  9:28  Photon Cannon  
  143  9:30  Archon, Photon Cannon  
  152  9:31  Photon Cannon  
  152  9:32  Photon Cannon, Archon  
  152  9:37  Protoss Ground Armor Level 2 (Chrono Boost), Probe, Protoss Ground Weapons Level 2 (Chrono Boost)  
  153  9:43  High Templar x2  
  154  9:56  Probe  
  154  9:57  Observer, Zealot x2  
  154  9:58  Zealot x3  
  162  10:01  Probe  
  163  10:10  High Templar  
  163  10:11  Probe  
  166  10:15  Photon Cannon  
  166  10:27  High Templar x3  
  172  10:31  Photon Cannon  
  172  10:33  Photon Cannon, Zealot x2  
  172  10:34  Zealot x2  
  180  10:36  Probe  
  180  10:39  Photon Cannon  
  180  10:41  Photon Cannon, Assimilator  
  181  10:46  High Templar, Assimilator  
  181  10:47  High Templar  
  181  10:57  Zealot x3  
  181  11:03  High Templar  
  187  11:07  Pylon  
  187  11:09  Pylon x3  
  187  11:11  Zealot x3  
  180  11:20  Zealot x4  
  180  11:23  Pylon  
  180  11:25  Pylon  
  188  11:32  Colossus, Psionic Storm  
  168  11:35  Archon x2  
  168  11:36  Archon  
  150  11:43  Probe  
  150  11:44  High Templar  
  150  11:45  High Templar  
  119  11:55  High Templar  
  119  11:57  Zealot  
  119  11:58  Zealot x5  
  131  12:18  Stalker  
  131  12:19  Stalker x4  
  131  12:20  Stalker x2  
  144  12:26  Stalker  
  136  12:40  Stalker  
  135  12:44  Stalker  
  135  12:45  Stalker x4  
  117  13:00  Colossus  
  89  13:20  Zealot x6  
  89  13:21  High Templar  
  89  13:25  Pylon  
  103  13:28  Pylon  
  103  13:33  Pylon  
  103  13:41  High Templar  
  103  13:42  High Templar x2  
  109  13:56  Nexus  
  109  13:59  Pylon  
  109  14:01  High Templar  
  111  14:05  Stalker  
  113  14:14  Stalker x2  
  117  14:18  Stalker  
  119  14:26  High Templar  
  121  14:32  High Templar  
  121  14:33  Zealot x4  
  121  14:37  Archon  
  131  14:40  Probe  
  132  14:48  Assimilator  
  132  14:49  Stalker  
  134  14:53  Stalker  
  134  14:56  Assimilator  
  134  14:57  Stalker  
  138  15:06  Zealot x2  
  137  15:18  Archon  
  108  15:21  Colossus  
  102  15:31  Zealot  
  102  15:32  Zealot x3  
  116  15:47  Zealot x5  
  124  15:55  High Templar x2  
  128  16:03  Zealot x2  
  132  16:12  Zealot x5  
  124  16:26  Colossus  
  124  16:27  Zealot x2  
  124  16:28  Zealot x2  
  116  16:38  High Templar x2  
  124  16:46  Probe  
  125  16:48  Stalker x3  
  131  16:59  Stalker  
  133  17:02  Stalker x2  
  133  17:03  Stalker  
  131  17:21  Zealot x3  
  131  17:22  Zealot x2  
  129  17:39  Archon  
Tags
 
Add a new tag
Caveats
  • Supply blocks, unpowered buildings, or Contaminate may cause inaccurate times.
  • Supply counts are checked every 10 seconds.